 Dungeon Crawl Stone Soup version 0.21.1-1-g345015f (webtiles) character file.

1575 Hebeh the Cleaver (level 8, -10/71 HPs)
             Began as a Minotaur Fighter on June 23, 2018.
             Was a Follower of Trog.
             Mangled by an orc warrior
             ... wielding a +0 battleaxe
              (14 damage)
             ... on level 5 of the Dungeon.
             The game lasted 00:15:09 (3758 turns).

Hebeh the Cleaver (Minotaur Fighter)                Turns: 3758, Time: 00:15:09

Health: -10/71     AC:  7    Str: 24    XL:     8   Next: 60%
Magic:  7/7        EV:  9    Int:  5    God:    Trog [*.....]
Gold:   244        SH: 10    Dex:  9    Spells: 7/7 levels left

rFire    . . .     SeeInvis .   a - +1 war axe
rCold    . . .     Gourm    +   c - +0 shield
rNeg     . . .     Faith    .   j - +1 ring mail {MR+}
rPois    .         Spirit   .   (helmet restricted)
rElec    .         Reflect  .   D - scarf {cloud immunity}
rCorr    .         Harm     .   (no gloves)
MR       +....                  (no boots)
Stlth    ..........             l - amulet of the gourmand
HPRegen  0.21/turn              (no ring)
MPRegen  0.10/turn              (no ring)

@: no status effects
A: retaliatory headbutt, horns 2
a: Berserk, Burn Spellbooks, Renounce Religion


You were on level 5 of the Dungeon.
You worshipped Trog.
Trog was aware of your devotion.
You were completely stuffed.

You visited 2 branches of the dungeon, and saw 7 of its levels.

You collected 244 gold pieces.

Inventory:

Hand Weapons
 a - a +1 war axe (weapon)
 t - a +0 whip of electrocution
 w - a +1 mace of protection
 B - a +1 spear of pain
Armour
 c - a +0 shield (worn)
 j - a +1 ring mail of magic resistance (worn)
 D - a scarf of cloud immunity (worn)
Jewellery
 l - an amulet of the gourmand (around neck)
 m - an uncursed amulet of guardian spirit
 C - an uncursed ring of wizardry {unknown}
Wands
 i - a wand of enslavement (18)
 y - a wand of digging (6)
Scrolls
 e - a scroll of blinking {unknown}
 g - a scroll of magic mapping {unknown}
 o - a scroll of enchant armour
 p - 2 scrolls of remove curse
 q - a scroll of identify
 s - a scroll of teleportation
Potions
 b - 2 potions of brilliance {unknown}
 d - 2 potions of might
 h - 3 potions of curing
 k - a potion of invisibility {unknown}
 n - 2 potions of agility {unknown}
 r - a potion of magic {unknown}
 u - a potion of flight {unknown}
 v - a potion of haste {unknown}
 x - a potion of heal wounds {unknown}
 z - a potion of cancellation {unknown}
 A - a potion of ambrosia {unknown}
Comestibles
 f - 7 rations
 E - 3 chunks of flesh


   Skills:
 + Level 6.8 Fighting
 * Level 8.6 Axes
 + Level 6.8 Armour
 + Level 6.8 Shields


You had 7 spell levels left.
You didn't know any spells.

Dungeon Overview and Level Annotations

Branches:
Dungeon (6/15)             Temple (1/1) D:4

Altars:
Ashenzari
Dithmenos
Elyvilon
Fedhas
Gozag
Hepliaklqana
Kikubaaqudgha
Makhleb
Nemelex Xobeh
Okawaru
Qazlal
Ru
Sif Muna
Trog
Uskayaw
Vehumet
Wu Jian
Xom
Yredelemnul
Zin
The Shining One


Innate Abilities, Weirdness & Mutations

You reflexively headbutt those who attack you in melee.
You have a pair of horns on your head.


Message History

An iguana and a zombie come into view.
The iguana hisses angrily.
Found 15 gold pieces.
The orc wizard casts a spell at you. The magic dart hits you!
* * * LOW HITPOINT WARNING * * *
Found a ration.
You block the orc's attack.
Found a scroll labeled XAL SIRYUHUV.
Found a stone staircase leading down.
You barely miss the iguana. You slash the orc wizard! You slash the orc!
You kill the orc!
Trog accepts your kill. The orc wizard barely misses you.
You furiously retaliate!
You headbutt the orc wizard!
You kill the orc wizard!
Trog accepts your kill.
Trog appreciates your killing of a magic user.
You block the iguana's attack. The ogre hits you but does no damage.
The orc warrior hits you with a battleaxe!
You die...

#.?.. ..>. ..
#..%. ..... ...
#...# .....
...##...##...##
..............#
..............#
.......l.Z....#
......o@......#
$.....)O......#
...##...##...##
. #...# ..#
#...# ... #...+
.# #..†# .
#...## ..
#....#.#


You could see an orc warrior, an ogre, an iguana and an adder zombie.

Vanquished Creatures
  Pikel (D:4)
  Sigmund (D:2)
  Duvessa (D:4)
  A sky beast (D:4)
  An ogre (D:4)
  Dowan (D:4)
  2 bullfrogs (D:6)
  A scorpion (D:6)
  A crimson imp (D:6)
  A bullfrog zombie (D:6)
  An orc priest (D:4)
  A gnoll shaman (D:6)
  3 orc wizards
  Ijyb (D:4)
  2 worker ants
  A killer bee zombie (D:6)
  6 gnolls (D:6)
  5 adders
  An ooze (D:3)
  3 dart slugs
  A leopard gecko (D:5)
  9 orcs
  9 bats
  6 goblins
  4 hobgoblins
  2 jackals (D:4)
  A quokka (D:6)
  A ball python (D:2)
  4 frilled lizards
  4 kobolds
  3 rats
  A plant (D:4)
80 creatures vanquished.

Vanquished Creatures (others)
  A slave (D:4)
  An ogre (D:4)
  A centaur skeleton (D:4)
  2 jackals (D:4)
5 creatures vanquished.

Grand Total: 85 creatures vanquished

Notes
Turn   | Place    | Note
-------+----------+-------------------------------------------
     0 | D:1      | Hebeh the Minotaur Fighter began the quest for the Orb.
     0 | D:1      | Reached XP level 1. HP: 19/19 MP: 0/0
   520 | D:1      | Reached XP level 2. HP: 27/27 MP: 1/1
   617 | D:2      | Reached skill level 3 in Axes
   670 | D:2      | Reached XP level 3. HP: 27/33 MP: 2/2
   882 | D:2      | Found a white marble altar of Elyvilon.
   938 | D:2      | Noticed Sigmund
   945 | D:2      | Killed Sigmund
   945 | D:2      | Reached skill level 4 in Axes
   945 | D:2      | Reached XP level 4. HP: 37/41 MP: 3/3
   945 | D:2      | Reached XP level 5. HP: 42/47 MP: 4/4
  1292 | D:3      | Found a radiant altar of Vehumet.
  1292 | D:3      | Found an ornate altar of the Wu Jian Council.
  1475 | D:3      | Reached skill level 5 in Axes
  1914 | D:4      | Noticed a sky beast
  1927 | D:4      | Killed a sky beast
  1927 | D:4      | Reached skill level 5 in Fighting
  1927 | D:4      | Reached skill level 5 in Armour
  1927 | D:4      | Reached XP level 6. HP: 50/56 MP: 5/5
  1976 | D:4      | Noticed Pikel
  1976 | D:4      | Noticed a slave
  1977 | D:4      | Found a staircase to the Ecumenical Temple.
  1977 | D:4      | Noticed a slave
  1977 | D:4      | Noticed a slave
  1977 | D:4      | Noticed a slave
  1986 | D:4      | Killed Pikel
  1986 | D:4      | Reached skill level 6 in Axes
  1986 | D:4      | Reached skill level 5 in Shields
  1986 | D:4      | Reached XP level 7. HP: 26/62 MP: 6/6
  2159 | Temple   | Entered the Ecumenical Temple
  2323 | Temple   | Became a worshipper of Trog the Wrathful
  2413 | D:4      | Reached skill level 7 in Axes
  2625 | D:4      | Noticed Ijyb
  2646 | D:4      | Killed Ijyb
  2708 | D:4      | Noticed Duvessa
  2708 | D:4      | Noticed Dowan
  2718 | D:4      | Killed Duvessa
  2718 | D:4      | Reached XP level 8. HP: 37/70 MP: 7/7
  2730 | D:4      | Killed Dowan
  3049 | D:4      | You fall through a shaft for 2 floors!
  3149 | D:6      | Reached skill level 8 in Axes
  3216 | D:6      | Reached * piety under Trog
  3650 | D:6      | Found a deep blue altar of Sif Muna.
  3705 | D:5      | Entered Level 5 of the Dungeon
  3724 | D:5      | HP: 3/71 [orc wizard/magic dart (5)]
  3726 | D:5      | Found a white marble altar of Elyvilon.
  3756 | D:5      | HP: 3/71 [orc wizard/magic dart (2)]
  3758 | D:5      | Mangled by an orc warrior

Skill      XL: |  1  2  3  4  5  6  7  8 |
---------------+-------------------------+-----
Axes           | 3 4 5 6 7 8 |  8.6
Fighting       | 4 5 6 |  6.8
Armour         | 4 5 6 |  6.8
Shields        | 4 5 6 |  6.8

Action                   |  1- 3 |  4- 6 |  7- 9 || total
-------------------------+-------+-------+-------++-------
Melee: War axe           |    51 |    53 |   131 ||   235
       Headbutt          |     5 |     7 |    26 ||    38
  Use: Scroll            |       |     5 |     3 ||     8
       Potion            |       |       |     1 ||     1
  Eat: Chunk             |       |     3 |    24 ||    27
       Ration            |       |       |     1 ||     1
Armor: Scale mail        |     2 |       |       ||     2
       Ring mail         |     7 |    19 |    47 ||    73
Dodge: Dodged            |    18 |    17 |    43 ||    78
Block: Shield            |    23 |    23 |    70 ||   116
